Map: Orbital Shipyard

Players

DorianWilde

  • Race: Zerg Zerg
  • League: Gold

capac - Winner!

  • Race: Terran Terran
  • League: Gold

VOD

Have the link to the VOD?

Description

Time

  • Played on: Dec. 1, 2015, 2:37 p.m.
  • Length: 15:01
Show
View Real Time Build Order
Export as new Build Order

DorianWilde Zerg 

Build Orders: Hatch First 

Get SALT Encoding   

  12  0:01  Drone  
  13  0:08  Drone  
  13  0:13  Extractor  
  13  0:16  Drone  
  15  0:42  Hatchery  
  14  0:55  Spawning Pool  
  13  0:59  Extractor  
  13  1:03  Drone  
  13  1:13  Overlord  
  13  1:15  Drone  
  14  1:37  Drone x3  
  17  1:46  Queen  
  19  1:52  Drone  
  21  2:01  Drone  
  21  2:07  Drone  
  21  2:10  Drone  
  22  2:16  Queen  
  22  2:22  Zergling x2  
  25  2:27  Drone x2  
  27  2:34  Metabolic Boost  
  27  2:36  Drone  
  28  2:44  Overlord  
  28  2:47  Extractor  
  27  2:51  Overlord  
  27  2:55  Drone  
  28  3:07  Spore Crawler  
  28  3:11  Lair  
  28  3:12  Drone x2  
  29  3:19  Drone  
  31  3:20  Drone  
  31  3:32  Queen  
  33  3:34  Drone  
  33  3:37  Drone  
  33  3:40  Drone  
  36  3:45  Drone  
  36  3:46  Drone  
  36  3:47  Drone  
  39  3:56  Zergling x4  
  40  4:06  Baneling Nest  
  40  4:08  Overlord  
  39  4:16  Overlord  
  39  4:17  Zergling x6  
  42  4:24  Drone  
  42  4:26  Overlord  
  42  4:27  Zergling x4  
  42  4:28  Zergling x4  
  47  4:34  Evolution Chamber  
  47  4:37  Drone x2  
  48  4:45  Zergling x2  
  49  4:49  Centrifical Hooks  
  49  4:51  Baneling x5  
  49  4:55  Zergling x4  
  51  5:05  Drone x3  
  54  5:12  Infestation Pit  
  53  5:14  Zerg Melee Weapons Level 1  
  53  5:30  Overlord x2  
  53  5:38  Zergling x2  
  53  5:39  Zergling x6  
  57  5:45  Hatchery  
  57  5:46  Drone x3  
  57  5:47  Evolution Chamber, Drone  
  59  5:53  Pneumatized Carapace  
  59  5:56  Extractor  
  58  5:58  Extractor  
  57  6:07  Drone  
  57  6:08  Drone x3  
  61  6:21  Hive  
  61  6:29  Drone x2  
  61  6:30  Drone x3  
  66  6:39  Zergling x4  
  68  6:42  Hydralisk Den  
  67  7:00  Overseer  
  67  7:02  Queen  
  67  7:03  Drone  
  70  7:12  Zerg Ground Armor Level 1  
  70  7:13  Zerg Melee Weapons Level 2  
  70  7:15  Drone x3  
  73  7:43  Drone x3  
  76  7:45  Zergling x4  
  76  7:51  Lurker Den, Ultralisk Cavern  
  77  7:53  Hydralisk x5  
  77  7:57  Zergling x4  
  77  7:58  Overlord x4  
  89  8:00  Adrenal Glands  
  89  8:03  Baneling x3  
  89  8:04  Baneling  
  89  8:14  Overlord  
  89  8:15  Overlord x2  
  89  8:16  Drone  
  89  8:19  Extractor  
  89  8:21  Extractor  
  89  8:25  Drone x2  
  90  8:33  Drone  
  91  8:43  Chitinous Plating  
  91  8:45  Viper  
  94  8:48  Overlord  
  94  8:49  Overlord  
  94  8:51  Drone  
  94  8:52  Drone x3  
  98  9:00  Zergling x8  
  102  9:04  Ultralisk  
  102  9:05  Zergling x4  
  102  9:06  Zergling x6  
  113  9:20  Drone x2  
  115  9:24  Ultralisk  
  115  9:25  Ultralisk  
  115  9:28  Drone x4  
  131  9:45  Ultralisk  
  137  9:49  Hatchery  
  137  9:50  Zerg Melee Weapons Level 3  
  136  10:17  Hydralisk  
  136  10:18  Hydralisk x3  
  144  10:27  Hydralisk x5  
  144  10:28  Hydralisk x2  
  156  10:32  Zerg Ground Armor Level 2  
  158  10:49  Baneling x4  
  158  10:50  Baneling x2  
  158  11:03  Queen  
  160  11:05  Drone  
  161  11:18  Hatchery  
  161  11:23  Hatchery  
  123  11:46  Ultralisk x5  
  113  11:48  Zergling x2  
  113  11:50  Zergling x6  
  103  11:57  Zergling x8  
  103  11:58  Zergling x4  
  103  12:00  Zergling x2  
  110  12:08  Spine Crawler  
  101  12:18  Baneling x5  
  101  12:19  Baneling x3  
  101  12:22  Viper, Baneling x4  
  104  12:36  Zergling x4  
  106  12:38  Zergling x14  
  106  12:39  Zergling x4  
  115  12:46  Drone x2  
  115  12:49  Drone x2  
  119  12:56  Ultralisk x2  
  131  12:59  Zergling x10  
  134  13:13  Hydralisk  
  134  13:14  Hydralisk x3  
  139  13:39  Viper x2  
  141  13:46  Drone  
  141  13:47  Drone x2  
  144  13:50  Viper x2  
  144  13:51  Zergling x2  
  144  13:52  Overlord x2  
  144  13:53  Overlord  
  144  13:55  Overlord  
  151  14:03  Overlord  
  151  14:04  Overlord  
  151  14:08  Spine Crawler  
  150  14:11  Spine Crawler  
  150  14:13  Spine Crawler  
  150  14:14  Spine Crawler  
  150  14:16  Spine Crawler  
Show
View Real Time Build Order
Export as new Build Order

capac Terran - Winner!

Build Orders: MMM Bio 

Get SALT Encoding   

  12  0:01  SCV  
  13  0:13  SCV  
  14  0:18  Supply Depot  
  14  0:25  SCV  
  15  0:39  SCV  
  15  0:42  Barracks  
  16  0:46  Refinery  
  16  0:52  SCV  
  17  1:05  Supply Depot  
  17  1:15  SCV  
  18  1:27  SCV  
  19  1:33  Marine  
  20  1:41  Orbital Command  
  20  2:06  Command Center  
  20  2:14  Barracks Reactor  
  20  2:16  Factory  
  20  2:22  SCV  
  21  2:34  SCV  
  22  2:39  Barracks  
  22  2:47  SCV  
  23  2:54  Marine x2  
  23  2:55  Refinery  
  25  3:00  SCV  
  25  3:02  Factory Tech Lab  
  26  3:08  Starport  
  26  3:12  Marine, SCV  
  27  3:13  Marine  
  29  3:21  Orbital Command  
  30  3:29  Barracks Tech Lab  
  30  3:34  SCV  
  30  3:41  Marine x2  
  30  3:45  Medivac  
  30  3:46  SCV  
  35  3:52  SCV  
  36  3:58  SCV  
  36  4:01  Marine x2  
  36  4:02  Barracks  
  39  4:04  SCV  
  41  4:11  Marauder  
  41  4:12  Stimpack  
  42  4:17  SCV x2  
  42  4:19  Marine x2  
  46  4:26  Starport Reactor  
  46  4:35  Engineering Bay  
  46  4:36  Engineering Bay  
  46  4:40  Marine x2, SCV x2  
  46  4:41  Marauder  
  52  4:50  Barracks Reactor  
  52  4:57  SCV x2  
  52  4:59  Barracks  
  54  5:07  Refinery x2  
  54  5:25  SCV  
  54  5:38  Supply Depot  
  54  5:39  Supply Depot  
  54  5:41  Supply Depot  
  54  6:00  Siege Tank, SCV, Medivac x2  
  54  6:02  Barracks  
  54  6:03  Barracks Reactor  
  62  6:05  Barracks  
  62  6:12  SCV  
  62  6:13  Command Center  
  62  6:15  Supply Depot  
  63  6:19  Supply Depot  
  63  6:29  SCV  
  63  6:30  SCV  
  65  6:36  Marine x4  
  65  6:39  Marauder  
  71  6:44  Supply Depot  
  71  6:47  SCV  
  71  6:48  SCV  
  71  6:52  Barracks Tech Lab  
  71  6:53  Combat Shields  
  73  7:01  SCV x2  
  73  7:07  Barracks Reactor  
  75  7:12  Concussive Shells  
  75  7:14  Marauder x2  
  79  7:16  SCV x2  
  81  7:22  Medivac  
  81  7:23  Medivac  
  85  7:31  SCV  
  86  7:38  Liberator x2  
  86  7:51  Orbital Command  
  86  7:56  Marine x6  
  86  7:57  Marine x2  
  100  7:59  Marauder x2  
  100  8:03  SCV x2  
  106  8:07  Siege Tank  
  106  8:11  Terran Infantry Weapons Level 1  
  106  8:12  Terran Infantry Armor Level 1  
  109  8:14  Supply Depot  
  109  8:15  Supply Depot, SCV  
  110  8:20  Liberator  
  110  8:21  Liberator  
  110  8:22  Marine x2  
  110  8:23  Marine x5  
  110  8:25  Marine  
  118  8:28  Marauder  
  118  8:29  Marauder  
  118  8:30  SCV  
  118  8:33  SCV  
  118  8:34  SCV  
  131  8:45  Refinery x2  
  131  8:47  Siege Tank  
  134  8:53  Supply Depot  
  134  8:55  Supply Depot, Starport  
  134  9:01  Marine x2  
  134  9:02  Marine x5  
  141  9:09  Liberator x2  
  141  9:15  Marauder x2, Marine  
  146  9:18  Supply Depot  
  146  9:22  Armory  
  146  9:24  SCV x2  
  146  9:25  SCV  
  155  9:39  Starport Reactor  
  155  9:41  Marine x2  
  155  9:42  Marine x5  
  155  9:43  Marauder, Factory  
  155  9:45  SCV  
  165  9:55  Supply Depot  
  165  9:56  Supply Depot  
  165  10:00  Marauder, Siege Tank, SCV x2  
  165  10:03  Marine x5  
  165  10:04  Marauder, Marine  
  165  10:05  Marine  
  181  10:13  Terran Infantry Weapons Level 2  
  181  10:15  Terran Infantry Armor Level 2  
  181  10:16  Marine  
  181  10:19  Supply Depot  
  182  10:24  Liberator x2  
  182  10:27  Marine x5  
  187  10:29  Marine  
  187  10:30  Marine  
  187  10:32  Marauder  
  197  10:54  Marine x3  
  200  11:00  Command Center  
  200  11:14  Barracks  
  200  11:21  Factory Tech Lab  
  200  11:26  Factory  
  127  11:53  Medivac  
  127  11:54  Medivac x3  
  126  11:55  Marine x5  
  126  11:56  Marine x4  
  126  11:57  Marauder  
  141  12:06  Liberator  
  141  12:13  Marine x5  
  141  12:14  Marauder, Siege Tank x2  
  154  12:18  Marauder  
  159  12:41  Medivac x2  
  163  13:02  Marine x3  
  163  13:03  Marine x6  
  163  13:04  Marauder  
  174  13:06  Medivac  
  176  13:22  Marauder  
  176  13:25  Marauder  
  180  13:31  Liberator x3  
  180  13:32  Liberator  
  180  13:50  Marine x2  
  180  13:53  SCV  
  169  14:36  Marine x5  
  169  14:37  Marine x2  
Tags
 
Composition
MMM Bio
League
GoldGold
Matchup
TvZ
Add a new tag
Caveats
  • Supply blocks, unpowered buildings, or Contaminate may cause inaccurate times.
  • Supply counts are checked every 10 seconds.